 Dungeon Crawl Stone Soup version 0.29-a0-830-gcb1280458a (webtiles) character file.

Game seed: 4001745684279349805

389 freelancePsychic the Cutter (level 6, -1/32 HPs)
             Began as a Vine Stalker Artificer on July 11, 2022.
             Succumbed to a kobold brigand's curare-tipped dart
             ... in a sewer.
             The game lasted 00:04:38 (2432 turns).

freelancePsychic the Cutter (VSAr)                  Turns: 2432, Time: 00:04:39

Health: -1/32      AC:  6    Str: 17    XL:     6   Next: 79%
Magic:  7/7        EV:  9    Int: 11    God:
Gold:   68         SH:  0    Dex: 14    Spells: 5/5 levels left

rFire   . . .      SeeInvis .   q - +2 short sword (venom)
rCold   + . .      Faith    .   (no shield)
rNeg    . . .      Spirit   +   r - +0 scale mail
rPois   .          Reflect  .   (no helmet)
rElec   .          Harm     .   (no cloak)
rCorr   .          Rampage  .   (no gloves)
Will    .....                   (no boots)
Stlth   +.........              (no amulet)
HPRegen 0.90/turn               p - ring of protection from cold
MPRegen 0.10/turn               (no ring)

@: lethally poisoned (-1 -> -4), slowed, very slow
A: fangs 2, regeneration 1, magic shield, antimagic bite, no potion heal 2
a: no special abilities


You were in a sewer.
You visited 1 branch of the dungeon, and saw 3 of its levels.
You also visited: Sewer.

You collected 68 gold pieces.

Inventory:

Hand Weapons
 a - a +0 club
 q - a +2 short sword of venom (weapon)
Missiles
 t - a curare-tipped dart
Armour
 b - a +0 leather armour
 r - a +0 scale mail (worn)
Jewellery
 i - a ring of wizardry
 p - a ring of protection from cold (left hand)
Wands
 c - a wand of flame (10) (quivered)
 d - a wand of charming (15)
 e - a wand of iceblast (6)
Scrolls
 g - a scroll of poison
 h - a scroll of magic mapping {unknown}
 k - a scroll of torment
 l - a scroll of teleportation {@r4}
Potions
 f - a potion of magic
 j - 2 potions of heal wounds {@q2}
 m - a potion of experience {unknown}
 n - a potion of might {unknown}
 o - 3 potions of curing {unknown}
 s - 2 potions of invisibility {unknown}
 u - a potion of brilliance {unknown}


   Skills:
 + Level 3.2 Fighting
 * Level 4.3 Short Blades
 - Level 1.5 Armour
 - Level 0.7 Dodging
 - Level 3.6 Stealth
 - Level 2.6 Evocations


You had 5 spell levels left.
You didn't know any spells.
Your spell library contained the following spells:

 Spells                   Type           Power      Damage    Failure   Level
 Confusing Touch          Hex            0%         N/A       98%         3
 Yara's Violent Unravell  Hex/Tmut       0%         3d3       100%        5
 Enfeeble                 Hex            0%         N/A       100%        7


Dungeon Overview and Level Annotations

Branches:
Dungeon (3/15)              Sewer (1/1)

Altars:


Innate Abilities, Weirdness & Mutations

You have extremely sharp teeth.
Your natural rate of healing is unusually fast.
When hurt, damage is shared between your health and your magic reserves.
Your bite disrupts and absorbs the magic of your enemies.
Potions cannot restore your health.


Message History

Aiming: Iceblast
Press: ? - help, Shift-Dir - straight line, f - kobold
Aim: a kobold, wielding a +0 club (wandering, hasn't noticed you)
The mass of ice explodes!
The iceblast engulfs the kobold!
You kill the kobold!
The iceblast engulfs the kobold brigand!
The kobold brigand is heavily wounded.
The iceblast engulfs the kobold brigand!
The kobold brigand is heavily wounded.
You feel very sick.
The kobold brigand throws a curare-tipped dart.
The curare-tipped dart hits you.
You are more poisoned.
You have difficulty breathing.
You feel as though you will be slow longer.
You hit the kobold brigand but do no damage.
The kobold brigand is poisoned.
You bite the kobold brigand, but do no damage.
The kobold brigand is heavily wounded.
You feel extremely sick.
The kobold brigand hits you with a +0 short sword.
You hit the kobold brigand.
The kobold brigand looks as sick as possible!
You bite the kobold brigand. You drain its power.
You feel invigorated.
The kobold brigand is severely wounded.
* * * LOW HITPOINT WARNING * * *
You feel very sick. The kobold brigand barely misses you.
The kobold brigand hits you with a +0 dagger.
* * * LOW HITPOINT WARNING * * *
It was a potion of heal wounds.
That seemed strangely inert.
* * * LOW HITPOINT WARNING * * *
You feel very sick.
You kill the kobold brigand!
The kobold brigand hits you with a +0 dagger.
* * * LOW HITPOINT WARNING * * *
The kobold brigand hits you with a +0 dagger.
* * * LOW HITPOINT WARNING * * *
It was a potion of magic.
Magic courses through your body.
You die...

#...#....#.P≈≈P≈........≈≈≈
###'########≈≈############≈
#≈≈≈≈≈≈≈≈≈≈≈≈≈≈≈≈≈≈≈≈ ≈
#≈≈≈≈≈≈≈≈≈≈≈≈≈≈≈≈≈≈≈≈≈ ≈
#≈≈≈≈≈≈≈≈≈≈≈≈≈≈≈≈≈≈≈≈≈ ≈
#################≈≈≈#######
#..!.#....P≈P≈≈P≈≈≈...≈
#.∩!.K.....≈≈≈≈..≈≈P..≈
#...))@P....P..........
#!...#.................
#### #.................
##................
#.........##.....
#######..####...# ####
#####


You could see a kobold brigand.

Vanquished Creatures
  Sigmund (D:2)
  2 kobold brigands (Sewer)
  2 adders (D:2)
  A worm (D:2)
  A dart slug (D:2)
  4 ball pythons
  4 endoplasms
  8 giant cockroaches
  5 goblins
  5 hobgoblins
  15 kobolds
  5 quokkas
  8 bats
  3 rats
64 creatures vanquished.

Notes
Turn   | Place    | Note
-------+----------+-------------------------------------------
     0 | D:1      | freelancePsychic the Vine Stalker Artificer began the quest
                  | for the Orb.
     0 | D:1      | Reached XP level 1. HP: 9/9 MP: 2/2
    17 | D:1      | Reached skill level 1 in Fighting
   217 | D:1      | Reached XP level 2. HP: 14/14 MP: 3/3
   268 | D:1      | Found a faded altar of an unknown god.
   268 | D:1      | Noticed a cacodemon
   502 | D:1      | Reached skill level 1 in Short Blades
  1475 | D:2      | Reached XP level 3. HP: 15/18 MP: 4/4
  1676 | D:2      | Noticed Sigmund
  1678 | D:2      | Killed Sigmund
  1679 | D:2      | Reached skill level 3 in Short Blades
  1679 | D:2      | Gained mutation: Your natural rate of healing is unusually
                  | fast. [Vine Stalker growth]
  1679 | D:2      | Reached XP level 4. HP: 23/23 MP: 5/5
  1679 | D:2      | Reached XP level 5. HP: 27/27 MP: 6/6
  2189 | D:3      | Found a glowing drain.
  2195 | D:3      | Reached XP level 6. HP: 32/32 MP: 7/7
  2210 | Sewer    | Entered a sewer
  2304 | Sewer    | Reached skill level 4 in Short Blades
  2431 | Sewer    | HP: 1/32 [kobold brigand/+0 dagger (1)]
  2432 | Sewer    | Succumbed to a kobold brigand's curare-tipped dart

Illustrated notes

Levels and vault maps discovered:
D:1:      evilmike_arrival_plus, layout_rooms,
          dreamdust_ecumenical_altar_sealed_demon, grunt_decor_fettered
D:2:      layout_basic, uniq_sigmund
D:3:      layout_basic, marbit_many_paths, portal_sewer_entry_f,
          minmay_misc_feat_room
Sewer:    kennysheep_pipe_town

Skill      XL: |  1  2  3  4  5  6 |
---------------+-------------------+-----
Fighting       | 1 2 3 |  3.2
Short Blades   | 1 3 4 |  4.3
Stealth        | 2 3 |  3.6
Armour         | |  1.5
Dodging        | |  0.7
Evocations     | |  2.6

Action                   |  1- 3 |  4- 6 || total
-------------------------+-------+-------++-------
Melee: Club              |    76 |       ||    76
       Bite              |    16 |    16 ||    32
       Punch             |     2 |       ||     2
       Short sword       |       |   100 ||   100
Evoke: Wand              |     7 |     1 ||     8
  Use: Scroll            |     1 |     5 ||     6
       Potion            |       |     2 ||     2
 Stab: Sleeping          |     2 |     1 ||     3
Armor: Leather armour    |    31 |       ||    31
       Scale mail        |       |    33 ||    33
Dodge: Dodged            |    67 |    47 ||   114

Table legend: (Time is in decaauts)
 A = Elapsed time spent in this place.
 B = Non-inter-level travel time spent in this place.
 C = Inter-level travel time spent in this place.
 D = Time resting spent in this place.
 E = Time spent auto-exploring this place.
 F = Levels seen in this place.
 G = Mean time per level.
                   A        B        C        D        E       F      G
               +--------+--------+--------+--------+--------+-----+--------+
         Total |   2466 |   2407 |     59 |      0 |   1868 |   4 |  616.5 |
       Dungeon |   2231 |   2172 |     59 |      0 |   1732 |   3 |  743.7 |
         Sewer |    235 |    235 |      0 |      0 |    136 |   1 |  235.0 |
               +--------+--------+--------+--------+--------+-----+--------+

Top non-repeatable levels by time:
     D:1: 1245 daAuts
     D:2: 921 daAuts
   Sewer: 235 daAuts
     D:3: 64 daAuts
